 Dungeon Crawl Stone Soup version 0.23.2-1-ga50397a6bc (webtiles) character file.

Game seed: 15826068339650276660

211 ParadoxBlitz the Ruffian (level 5, -16/50 HPs)
             Began as a Troll Berserker on May 29, 2019.
             Was a Priest of Trog.
             Killed from afar by a gnoll (19 damage)
             ... with a wand of acid (9)
             ... on level 3 of the Dungeon.
             The game lasted 00:21:13 (2196 turns).

ParadoxBlitz the Ruffian (Troll Berserker)          Turns: 2196, Time: 00:21:14

Health: -16/50     AC:  6    Str: 26    XL:     5   Next: 57%
Magic:  4/4        EV: 10    Int:  3    God:    Trog [***...]
Gold:   132        SH:  0    Dex:  9    Spells: 4/4 levels left

rFire    . . .     SeeInvis .     - Unarmed
rCold    . . .     Gourm    +   (no shield)
rNeg     . . .     Faith    .   a - +0 animal skin
rPois    .         Spirit   .   (helmet restricted)
rElec    .         Reflect  .   (no cloak)
rCorr    .         Harm     .   (gloves unavailable)
MR       .....                  (boots unavailable)
Stlth    +.........             i - amulet of rage
HPRegen  0.56/turn              s - ring of wizardry
MPRegen  0.09/turn              (no ring)

@: lethally poisoned (-16 -> -16)
A: large, unfitting armour, claws 3, fast metabolism 3, gourmand, regeneration
1, shaggy fur 1, tough skin 3
a: Berserk, Trog's Hand, Renounce Religion, Evoke Berserk Rage


You were on level 3 of the Dungeon.
You worshipped Trog.
Trog was most pleased with you.
You were very full.

You visited 1 branch of the dungeon, and saw 3 of its levels.

You collected 132 gold pieces.

Inventory:

Hand Weapons
 f - a +0 spear
 j - a +0 hand axe
Missiles
 d - 138 stones
 k - 17 tomahawks (quivered)
Armour
 a - a +0 animal skin (worn)
Jewellery
 i - an amulet of rage (around neck)
 s - a ring of wizardry (left claw)
Wands
 n - a wand of flame (25)
Scrolls
 e - a scroll of fear
 l - 2 scrolls of remove curse
 m - 2 scrolls of teleportation
 r - a scroll of enchant armour
Potions
 g - a potion of agility
 h - 2 potions of curing {unknown}
 o - a potion of might {unknown}
 p - a potion of lignification {unknown}
 q - a potion of cancellation
Comestibles
 b - 6 rations
 c - a chunk of flesh


   Skills:
 + Level 2.7 Fighting
 * Level 1.4 Throwing
 + Level 3.2 Dodging
 * Level 5.2 Unarmed Combat


You had 4 spell levels left.
You didn't know any spells.
Your spell library was empty.

Dungeon Overview and Level Annotations

Branches:
Dungeon (3/15)

Altars:
Kikubaaqudgha
Makhleb
Trog

Annotations:
D:3 1 transporter, Goodini51's ghost, amateur DgHu


Innate Abilities, Weirdness & Mutations

You are too large for most types of armour.
You have claws for hands.
Your metabolism is lightning-fast.
You like to eat raw meat.
Your natural rate of healing is unusually fast.
You are covered in fur. (AC +1)
You have extremely tough skin. (AC +3)


Message History

The gnoll hits you. The gnoll sergeant closely misses you.
You barely miss the gnoll.
You feel sick.
Goodini51's ghost hits the plant.
The gnoll closely misses you.
The gnoll hits you from afar with a +0 spear.
The gnoll sergeant hits you from afar with a +3 spear of venom!
* * * LOW HITPOINT WARNING * * *
You are more poisoned.
The gnoll hits the plant but does no damage.
You feel sick.
You feel sick.
You feel sick.
Goodini51's ghost screams, "To die, to sleep, no more."
You feel sick.
Something hits the plant but does no damage.
You feel sick.
You feel sick.
You feel sick.
You feel sick.
You feel sick.
The gnoll zaps a wand.
The bolt of acid hits you!!
You die...

≈≈≈≈≈≈≈≈...≈≈≈≈≈≈≈≈≈≈≈..#
≈≈≈≈≈≈≈≈...≈≈≈≈≈≈≈≈≈≈≈.##
####...........#####≈≈.#
.8.#.###.©.###.#.8.#≈≈.#
...###g#####.###...#≈≈.#
##...............###≈≈.#
8#.######'###'##.#8.≈≈.#
##g#. #8.P#..P#.##.≈≈.#
#g.' #g©.g...'@.#.≈≈.#
##.# #8)P#PgP#g##.≈≈.##
8#.######'###g##.#8.≈≈..#
##.............W.###≈≈..#
...###©#####.###...#≈≈..#
.8.#.###.©.###.#.8.#≈≈..#
####...........#####≈≈..#
≈≈≈≈≈≈≈≈≈≈≈≈≈≈≈≈≈≈≈≈≈≈..#
≈≈≈≈≈≈≈≈≈≈≈≈≈≈≈≈≈≈≈≈≈≈..#


You could see a gnoll sergeant, Goodini51's ghost and 3 gnolls.

Vanquished Creatures
  2 orc priests (D:3)
  A worker ant (D:3)
  A gnoll (D:3)
  An adder (D:2)
  3 oozes
  2 worms
  2 dart slugs
  7 orcs (D:3)
  6 bats
  3 giant cockroaches
  10 goblins
  5 hobgoblins
  8 jackals
  A quokka (D:3)
  6 frilled lizards
  9 kobolds
  11 rats
78 creatures vanquished.

Vanquished Creatures (others)
  A plant (D:3)
1 creature vanquished.

Grand Total: 79 creatures vanquished

Notes
Turn   | Place    | Note
-------+----------+-------------------------------------------
     0 | D:1      | ParadoxBlitz the Troll Berserker began the quest for the
                  | Orb.
     0 | D:1      | Reached XP level 1. HP: 22/22 MP: 0/0
   165 | D:1      | Reached XP level 2. HP: 29/29 MP: 1/1
   379 | D:1      | Reached ** piety under Trog
   458 | D:1      | Reached XP level 3. HP: 36/36 MP: 2/2
   946 | D:2      | Reached skill level 1 in Throwing
  1290 | D:2      | Reached skill level 4 in Unarmed Combat
  1305 | D:2      | Reached XP level 4. HP: 43/44 MP: 3/3
  1309 | D:2      | Found a bloodstained altar of Trog.
  1489 | D:3      | Found an ancient bone altar of Kikubaaqudgha.
  1595 | D:3      | Reached XP level 5. HP: 43/50 MP: 4/4
  1661 | D:3      | Found a transporter.
  1776 | D:3      | Reached *** piety under Trog
  1784 | D:3      | Reached skill level 5 in Unarmed Combat
  1825 | D:3      | Noticed Goodini51's ghost (amateur DgHu)
  1849 | D:3      | Found a burning altar of Makhleb.
  2024 | D:3      | Found a transporter.
  2196 | D:3      | Killed from afar by a gnoll

Skill      XL: |  1  2  3  4  5 |
---------------+----------------+-----
Throwing       | 1 |  1.4
Unarmed Combat | 4 5 |  5.2
Dodging        | 3 |  3.2
Fighting       | |  2.7

Action                   |  1- 3 |  4- 6 || total
-------------------------+-------+-------++-------
Melee: Unarmed           |   126 |    76 ||   202
       Punch             |     1 |       ||     1
Throw: Stone             |     2 |       ||     2
Invok: Berserk           |       |     1 ||     1
  Use: Scroll            |     2 |     4 ||     6
       Potion            |       |     1 ||     1
 Stab: Sleeping          |     1 |       ||     1
  Eat: Chunk             |    17 |     9 ||    26
Armor: Animal skin       |    42 |    27 ||    69
Dodge: Dodged            |    55 |    37 ||    92
